AoeStats
← the shy

Black Forest

504456049Analyzed
4v4 RM · 27d ago on Sep 5, 2026· 38m 20s· 8 players
Game mode
Random Map
Map size
Large (8 player)
Population
200
Speed
Normal
Resources
Standard
Victory
Conquest
Starting age
Dark Age
Ending age
Imperial Age
RankedLock teamsTeams togetherTeam positionsShared explorationLock speedFull tech treeHidden civsTurbo modeCheats
Victory
Defeat
🇮🇹 Celts · Italy
1957
+6
🇮🇹 Turks · Italy
1941
+7
🇷🇺 Britons · Russia
1860
+9
🇫🇷 Bohemians · France
1645
+17
🇨🇳 Mongols · China
1760
-12
🇨🇳 Saracens · China
1721
-10
🇨🇳 Georgians · China
1704
-10
🇨🇳 Ethiopians · China
1632
-7
tim.13
0:52 Loom
0:53 Loom
12:15 Feudal Age
15:50 Castle Age
13:47 Double-Bit Axe
16:04 Fishing Lines
17:27 Wheelbarrow
17:22 Gillnets
19:02 Horse Collar
26:20 Bow Saw
26:06 Gold Mining
28:32 Stone Mining
30:12 Stone Shaft Mining
32:26 Imperial Age
32:34 Imperial Age
31:09 Caravan
31:53 Ballistics
31:44 Fortified Wall
31:24 Guard Tower
31:15 Treadmill Crane
31:31 Murder Holes
32:08 Fletching
33:11 Bodkin Arrow
34:29 Chemistry
33:15 Arrowslits
33:37 Svan Towers
33:53 Conscription
32:54 Elite Monaspa
34:46 Coinage
34:22 Bracer
34:32 Scale Barding Armor
36:11 Chain Barding Armor
36:05 Bloodlines
35:55 Husbandry
36:08 Forging
36:40 Keep
36:17 Masonry
38:06 Plate Barding Armor
38:10 Iron Casting
清远华
11:20 Feudal Age
12:14 Double-Bit Axe
15:09 Castle Age
16:04 Horse Collar
16:41 Bow Saw
16:38 Horse Collar
22:39 Wheelbarrow
24:14 Gold Mining
24:17 Stone Mining
28:35 Imperial Age
26:59 Heavy Plow
28:36 Scale Barding Armor
28:41 Forging
28:54 Ballistics
28:52 Hand Cart
28:23 Loom
29:01 Caravan
30:27 Two-Man Saw
30:28 Chain Barding Armor
30:43 Iron Casting
29:59 Fletching
30:59 Fletching
31:52 Conscription
32:13 Plate Barding Armor
31:17 Elite Mameluke
31:58 Bodkin Arrow
34:57 Blast Furnace
35:00 Chemistry
34:57 Bracer
37:30 Hoardings
37:29 Husbandry
37:39 Bloodlines
37:34 Padded Archer Armor
爱人跟人走
7:50 Feudal Age
8:26 Arson
8:26 Man-at-Arms
11:31 Loom
17:20 Double-Bit Axe
22:11 Castle Age
20:28 Fishing Lines
21:06 Gold Mining
23:27 Wheelbarrow
23:11 Bow Saw
22:53 Gillnets
23:04 Horse Collar
23:51 Heavy Plow
29:27 Fortified Wall
29:58 Masonry
33:42 Imperial Age
32:38 Nomads
33:17 Hand Cart
34:19 Fletching
34:02 Capped Ram
35:05 Drill
35:09 Hand Cart
34:21 Crossbowman
34:57 Bodkin Arrow
36:46 Arbalester
the shy
10:26 Feudal Age
15:08 Castle Age
13:35 Fletching
14:06 Double-Bit Axe
15:13 Horse Collar
16:43 Bow Saw
17:13 Bodkin Arrow
18:13 Crossbowman
24:33 Wheelbarrow
24:41 Gold Mining
30:53 Imperial Age
28:59 Squires
29:56 Loom
30:24 Padded Archer Armor
31:15 Hand Cart
31:40 Gold Shaft Mining
31:07 Arson
32:00 Ballistics
33:00 Chemistry
32:36 Bracer
33:41 Leather Archer Armor
33:43 Thumb Ring
34:20 Arbalester
37:13 Conscription
38:21 Ring Archer Armor
OS | 展毅
4:10 Loom
11:00 Feudal Age
11:29 Fishing Lines
11:36 Double-Bit Axe
19:13 Castle Age
20:02 Gillnets
20:23 Bow Saw
20:23 Scale Barding Armor
22:16 Chain Barding Armor
24:25 Wheelbarrow
24:14 Stone Mining
24:14 Gold Mining
25:31 Hand Cart
31:13 Imperial Age
28:29 Town Watch
29:30 Stone Shaft Mining
29:31 Gold Shaft Mining
28:39 Treadmill Crane
30:30 Scale Mail Armor
30:51 Masonry
30:52 Caravan
31:31 Pikeman
32:34 Conscription
32:44 Chain Mail Armor
32:39 Forging
32:16 Halberdier
33:12 Stronghold
33:39 Siege Engineers
34:16 Plate Mail Armor
34:21 Iron Casting
34:12 Arson
36:44 Coinage
36:25 Guilds
37:19 Blast Furnace
36:09 Fletching
36:11 Onager
37:43 Banking
38:26 Chemistry
38:05 Siege Onager
ElMaestro
11:30 Feudal Age
10:25 Loom
15:06 Castle Age
13:14 Double-Bit Axe
13:37 Horse Collar
16:59 Fervor
21:19 Bow Saw
22:25 Wheelbarrow
22:45 Sanctity
26:32 Imperial Age
25:51 Chemistry
24:58 Pikeman
25:40 Scale Mail Armor
26:29 Forging
27:06 Chain Mail Armor
28:04 Hand Cart
28:56 Iron Casting
30:38 Plate Mail Armor
31:57 Blast Furnace
32:34 Siege Engineers
32:02 Houfnice
32:27 Halberdier
33:27 Squires
35:19 Fletching
35:43 Masonry
Nineshine
0:38 Loom
13:44 Feudal Age
14:30 Double-Bit Axe
18:29 Castle Age
21:06 Horse Collar
27:26 Wheelbarrow
30:44 Imperial Age
28:48 Gold Mining
30:05 Town Watch
31:40 Artillery
32:01 Masonry
33:11 Fortified Wall
36:02 Fletching
36:42 Heavy Cavalry Archer
37:47 Parthian Tactics
38:48 Thumb Ring
38:40 Bodkin Arrow
Eugenius
0:49 Loom
11:01 Feudal Age
17:28 Castle Age
15:54 Double-Bit Axe
15:51 Horse Collar
21:13 Bow Saw
24:43 Wheelbarrow
24:33 Stone Mining
26:31 Gold Mining
28:51 Hand Cart
32:43 Imperial Age
30:26 Fletching
31:19 Ballistics
31:06 Padded Archer Armor
31:04 Bodkin Arrow
31:09 Padded Archer Armor
30:31 Crossbowman
32:18 Heavy Plow
32:50 Town Watch
32:48 Treadmill Crane
33:29 Bracer
34:31 Chemistry
32:52 Arbalester
34:35 Two-Man Saw
35:06 Gold Shaft Mining
34:52 Leather Archer Armor
36:26 Ring Archer Armor
36:19 Yeomen
38:24 Siege Engineers
38:29 Masonry
Connection lost

Rejoining the realm…

Still unreachable

The connection could not be restored.

Session expired

The server has moved on; the page needs a fresh start.